 Dungeon Crawl Stone Soup version 0.25-a0-62-g88673ef095 (webtiles) character file.

Game seed: 2759965651519918001, levelgen mode: deterministic

586 iamserjio the Ducker (level 7, -11/47 HPs)
             Began as an Octopode Venom Mage on Oct 31, 2019.
             Was a Follower of Nemelex Xobeh.
             Mangled by an ogre
             ... wielding a +0 giant club
              (24 damage)
             ... on level 4 of the Dungeon.
             The game lasted 00:06:17 (3620 turns).

iamserjio the Ducker (Octopode Venom Mage)          Turns: 3620, Time: 00:06:18

Health: -11/47     AC:  1    Str:  9    XL:     7   Next: 37%
Magic:  9/11       EV: 15    Int: 18    God:    Nemelex Xobeh [*.....]
Gold:   174        SH:  0    Dex: 12    Spells: 6/12 levels left

rFire    . . .     SeeInvis .   f - +1 dagger (venom)
rCold    . . .     Gourm    .   (no shield)
rNeg     . . .     Faith    .   (helmet restricted)
rPois    .         Spirit   .   (no amulet)
rElec    .         Reflect  .   (no ring)
rCorr    .         Harm     .   (no ring)
MR       .....                  (no ring)
Stlth    +++.......             (no ring)
HPRegen  0.15/turn              (no ring)
MPRegen  0.12/turn              (no ring)
                                (no ring)
                                (no ring)

@: no status effects
A: almost no armour, stealthy swim, amphibious, 8 rings, constrict 8, camouflage
1, gelatinous body 1
a: Draw Escape, Draw Destruction, Draw Summoning, Renounce Religion


You were on level 4 of the Dungeon.
You worshipped Nemelex Xobeh.
Nemelex Xobeh was aware of your devotion.
You were hungry.

You visited 1 branch of the dungeon, and saw 4 of its levels.

You collected 174 gold pieces.

Inventory:

Hand Weapons
 f - a +1 dagger of venom (weapon)
 q - a +0 flail of draining
Scrolls
 a - a scroll of remove curse {unknown}
 d - 2 scrolls of magic mapping
 g - 5 scrolls of teleportation {@r3}
 h - a scroll of amnesia {unknown}
 i - 2 scrolls of fog
 m - 2 scrolls of enchant weapon
Potions
 e - 2 potions of ambrosia
 j - 4 potions of degeneration {unknown}
 l - 2 potions of curing {unknown}
 n - a potion of might {unknown}
 o - 2 potions of heal wounds {unknown}
 p - a potion of haste {unknown}
Comestibles
 b - 6 rations
 c - 7 chunks of flesh


   Skills:
 * Level 3.6 Fighting
 * Level 4.4 Dodging
 - Level 2.6 Stealth
 + Level 3.1 Spellcasting
 - Level 1.0 Conjurations
 - Level 3.0 Air Magic
 - Level 4.0 Poison Magic
 + Level 2.4 Invocations


You had 6 spell levels left.
You knew the following spells:

 Your Spells              Type           Power        Failure   Level  Hunger
a - Sting                 Conj/Pois      ##..         6%          1    None
b - Mephitic Cloud        Conj/Pois/Air  ##......     16%         3    ###....
c - Poisonous Vapours     Pois/Air       ###...       6%          2    ##.....

Your spell library contained the following spells:

 Spells                   Type           Power        Failure   Level  Hunger
 Olgreb's Toxic Radiance  Pois           ###.....     30%         4    ####...
 Venom Bolt               Conj/Pois      ##........   85%         5    ######.


Dungeon Overview and Level Annotations

Branches:
Dungeon (4/15)
 Temple: D:4-7

Altars:
Makhleb
Nemelex Xobeh
Vehumet


Innate Abilities, Weirdness & Mutations

You cannot wear most types of armour.
You are very stealthy in the water. (Stealth+)
You are amphibious.
You can wear up to eight rings at the same time.
You can use your tentacles to constrict eight enemies at once.
Your skin changes colour to match your surroundings (Stealth+).
Your rubbery body absorbs attacks. (AC +1, EV +1)


Message History

Okay, then.
You draw a card...
You have drawn the Dance.
The adder barely misses you. x2
The worker ant bites your +2 long sword of flaming.
Your +2 long sword of flaming hits the worker ant.
Your +2 long sword of flaming burns the worker ant.
The ogre looks more healthy.
The worker ant bites your +2 long sword of flaming.
Your +2 long sword of flaming hits the worker ant but does no damage.
Found a scale mail.
Something barely misses your +2 long sword of flaming.
A hound comes into view.
The hound moves out of view.
The hound barks!
An ogre comes into view. It is wielding a +0 giant club.
Your magical contamination has completely faded away.
The ogre shouts!
The ogre hits you with a +0 giant club!!
Ouch! That really hurt!
You die...
Your body disappears without a glow.

..............######....#.#!$?#..
..............# #.#...#####..
.............## #..##+..a..+#
.............# #..# #..[..#
......##..<..# ##..###.....#
.....###......# ##.l#...#...#..
...<## #......# #.............#
....## #...##..####h......#..####
.....###..###...@O.S....###..#
..........# ##...O.....## #..#
.###....[.##..........##
.###..................#
............###......##
........... #...#...# .....### .
#..####..# ....## #.# #..# ..#
#...# #..#


You could see 2 ogres, a hound and an adder.

Vanquished Creatures
  Sigmund (D:2)
  A sky beast (D:2)
  2 orc wizards (D:4)
  3 orc priests
  Terence (D:2)
  A worker ant (D:4)
  6 adders
  An ooze (D:2)
  5 worms
  2 dart slugs
  2 leopard geckos
  5 orcs (D:3)
  2 ball pythons (D:2)
  3 giant cockroaches
  5 goblins
  6 hobgoblins
  5 bats
  5 frilled lizards
  8 kobolds
  11 rats
75 creatures vanquished.

Notes
Turn   | Place    | Note
-------+----------+-------------------------------------------
     0 | D:1      | iamserjio the Octopode Venom Mage began the quest for the
                  | Orb.
     0 | D:1      | Reached XP level 1. HP: 11/11 MP: 3/3
   209 | D:1      | Found a sparkling altar of Nemelex Xobeh.
   213 | D:1      | Became a worshipper of Nemelex Xobeh the Trickster
   222 | D:1      | Reached XP level 2. HP: 15/18 MP: 5/5
   354 | D:1      | Received a gift from Nemelex Xobeh
   558 | D:1      | Reached skill level 1 in Fighting
   831 | D:2      | Noticed a sky beast
   848 | D:2      | Reached XP level 3. HP: 8/23 MP: 6/6
  1059 | D:2      | Learned a level 3 spell: Mephitic Cloud
  1157 | D:2      | Killed a sky beast
  1157 | D:2      | Reached skill level 1 in Air Magic
  1157 | D:2      | Reached skill level 1 in Invocations
  1157 | D:2      | Reached XP level 4. HP: 5/29 MP: 1/7
  1157 | D:2      | Reached XP level 5. HP: 6/34 MP: 1/8
  1275 | D:2      | Noticed Terence
  1301 | D:2      | Killed Terence
  1513 | D:2      | Noticed Sigmund
  1914 | D:2      | Killed Sigmund
  1914 | D:2      | Reached XP level 6. HP: 41/42 MP: 1/10
  2438 | D:2      | Found a burning altar of Makhleb.
  2439 | D:2      | Found a radiant altar of Vehumet.
  2747 | D:3      | Reached * piety under Nemelex Xobeh
  2747 | D:3      | Received a gift from Nemelex Xobeh
  2881 | D:3      | Reached XP level 7. HP: 46/46 MP: 11/11
  3420 | D:3      | Learned a level 2 spell: Poisonous Vapours
  3457 | D:4      | Received a gift from Nemelex Xobeh
  3620 | D:4      | Mangled by an ogre

Levels and vault maps discovered:
D:1:      minmay_arrival_four_houses, layout_rooms, nemelex_diamond_rough_becter
D:2:      layout_loops_cross, gammafunk_temple_overflow_statue, uniq_terence,
          uniq_sigmund
D:3:      layout_basic
D:4:      layout_layer_cave, nicolae_overflow_hidden_temple, first_ration,
          minmay_fractal_squares_diagonal_5, uniq_edmund

Skill      XL: |  1  2  3  4  5  6  7 |
---------------+----------------------+-----
Fighting       | 1 2 3 |  3.6
Poison Magic   | 4 |  4.0
Dodging        | 3 4 |  4.4
Air Magic      | 1 2 3 |  3.0
Invocations    | 1 2 |  2.4
Spellcasting   | 3 |  3.1
Stealth        | |  2.6
Conjurations   | |  1.0

Action                   |  1- 3 |  4- 6 |  7- 9 || total
-------------------------+-------+-------+-------++-------
Melee: Unarmed           |    17 |       |       ||    17
       Constrict         |    14 |    22 |    10 ||    46
       Dagger            |    35 |    97 |    35 ||   167
       Tentacles         |     6 |    16 |    13 ||    35
 Cast: Mephitic Cloud    |     1 |     6 |     2 ||     9
       Sting             |     1 |     2 |       ||     3
 Abil: Draw Destruction  |     2 |       |       ||     2
       Draw Summoning    |       |       |     1 ||     1
  Use: Scroll            |       |       |     5 ||     5
 Stab: Sleeping          |     7 |     7 |     2 ||    16
       Confused          |       |       |     2 ||     2
  Eat: Chunk             |     1 |     6 |     2 ||     9
Armor: Skin              |     4 |     6 |     1 ||    11
Dodge: Dodged            |    20 |    49 |    28 ||    97

Table legend:
 A = Non-vault XP
 B = Vault XP
 C = Vault XP percentage of total XP
 D = Non-vault monster count
 E = Vault monster count
 F = Vault count percentage of total count
                 A         B        C        D         E       F
            +---------+---------+-------+---------+---------+-------
      Total |     530 |     308 |  36.8 |      72 |       3 |   4.0
            +---------+---------+-------+---------+---------+-------
        D:1 |      21 |       0 |   0.0 |      14 |       0 |   0.0
        D:2 |     233 |     267 |  53.4 |      26 |       2 |   7.1
        D:3 |     117 |       0 |   0.0 |      26 |       0 |   0.0
        D:4 |     159 |      41 |  20.5 |       6 |       1 |  14.3
            +---------+---------+-------+---------+---------+-------
